Map: Ruins of Seras

Players

LaZy

  • Race: Protoss Protoss
  • League: Platinum

ShiOne - Winner!

  • Race: Terran Terran

VOD

Have the link to the VOD?

Description

Time

  • Played on: Jan. 25, 2016, 9:02 a.m.
  • Length: 8:09
Show
View Real Time Build Order
Export as new Build Order

LaZy Protoss 

Build Orders: 1 Gate Expand 

Get SALT Encoding   

  12  0:03  Probe (Chrono Boost)  
  13  0:13  Probe (Chrono Boost)  
  14  0:19  Pylon  
  14  0:24  Probe (Chrono Boost)  
  15  0:37  Probe (Chrono Boost)  
  15  0:39  Gateway  
  16  0:45  Assimilator  
  16  0:48  Probe (Chrono Boost)  
  17  0:58  Probe (Chrono Boost)  
  18  1:09  Probe (Chrono Boost)  
  19  1:19  Probe (Chrono Boost)  
  20  1:28  Nexus  
  20  1:30  Probe (Chrono Boost)  
  21  1:46  Probe (Chrono Boost)  
  22  1:50  Cybernetics Core  
  22  1:54  Assimilator  
  22  1:55  Pylon  
  23  2:01  Probe (Chrono Boost)  
  24  2:26  Warp Gate  
  24  2:28  Mothership Core (Chrono Boost), Adept  
  26  2:56  Probe (Chrono Boost)  
  26  2:57  Probe (Chrono Boost)  
  28  3:04  Adept  
  30  3:07  Twilight Council  
  30  3:11  Probe x2 (Chrono Boost)  
  32  3:21  Pylon  
  32  3:23  Probe x2 (Chrono Boost)  
  34  3:31  Adept  
  38  3:34  Probe x2 (Chrono Boost)  
  38  3:36  Resonating Glaives (Chrono Boost)  
  38  3:40  Pylon  
  38  3:44  Probe x2 (Chrono Boost)  
  40  3:51  Gateway  
  40  3:52  Gateway  
  40  4:00  Gateway  
  40  4:04  Adept  
  40  4:05  Probe  
  43  4:16  Probe (Chrono Boost)  
  44  4:18  Probe (Chrono Boost)  
  45  4:26  Gateway  
  45  4:27  Gateway  
  45  4:41  Probe (Chrono Boost)  
  45  4:43  Probe (Chrono Boost)  
  45  4:45  Adept  
  49  4:51  Adept x2  
  53  4:54  Probe (Chrono Boost)  
  53  4:56  Probe (Chrono Boost), Pylon  
  55  5:00  Adept  
  57  5:09  Adept  
  59  5:21  Adept x3  
  61  5:24  Adept x2  
  42  6:17  Stalker  
  42  6:18  Stalker x4  
  37  6:59  Nexus  
  36  7:01  Pylon  
Show
View Real Time Build Order
Export as new Build Order

ShiOne Terran - Winner!

Build Orders: Banshee Rush 

Get SALT Encoding   

  12  0:02  SCV  
  13  0:14  SCV  
  13  0:18  Supply Depot  
  14  0:26  SCV  
  15  0:39  SCV  
  15  0:41  Barracks  
  16  0:46  Refinery  
  16  0:52  SCV  
  17  1:04  SCV  
  18  1:12  Refinery  
  18  1:16  SCV  
  19  1:30  Supply Depot, Reaper, Orbital Command  
  20  1:55  SCV, Factory  
  21  2:02  Marine  
  21  2:07  SCV  
  23  2:19  SCV  
  23  2:20  Marine  
  25  2:32  SCV  
  26  2:38  Marine  
  26  2:39  Starport  
  26  2:40  Factory Tech Lab  
  27  2:45  SCV  
  28  2:56  Marine  
  28  2:57  SCV  
  29  3:04  Factory Tech Lab  
  29  3:09  SCV  
  30  3:14  Marine  
  31  3:20  Command Center  
  31  3:21  Supply Depot  
  31  3:31  Cloaking Field  
  31  3:43  SCV, Siege Tank, Marine  
  31  3:44  Supply Depot  
  36  3:50  Banshee  
  39  4:05  SCV, Marine  
  41  4:15  Siege Tank  
  44  4:17  SCV  
  44  4:18  Supply Depot  
  44  4:23  Marine  
  46  4:29  SCV  
  47  4:32  Orbital Command  
  47  4:39  Raven  
  47  4:40  Marine  
  47  4:44  SCV  
  51  4:52  Siege Tank  
  54  4:58  Marine  
  55  5:03  SCV x2  
  57  5:10  Refinery  
  57  5:15  SCV x2  
  57  5:17  Marine  
  60  5:22  Banshee  
  60  5:25  Siege Tank  
  60  5:27  SCV  
  60  5:28  SCV  
  68  5:39  SCV  
  62  5:51  SCV  
  62  5:53  Marine  
  66  5:57  Siege Tank  
  66  6:03  SCV  
  67  6:08  Orbital Command  
  64  6:16  Banshee  
  56  7:00  Starport Tech Lab  
  56  7:11  Marine  
  56  7:12  Widow Mine  
Tags
 
Add a new tag
Caveats
  • Supply blocks, unpowered buildings, or Contaminate may cause inaccurate times.
  • Supply counts are checked every 10 seconds.